PR
LADUE RAMS @ HICKSVILLE HOUNDS
07/03/2042
 
TOP OF THE 1ST
Ladue Rams batting - Pitching for Hicksville Hounds : RHP Jimmy Young
Pitching: RHP Jimmy Young
Batting: RHB Nick Davis 0-0: Ball
1-0: Ball
2-0: Fly out, F8 (Flyball, 78D, EV 100.0 MPH)
Batting: RHB Gin-fan Chong 0-0: Called Strike
0-1: Ball
1-1: Called Strike
1-2: Ball
2-2: Ball
3-2: Strikes out swinging
Batting: RHB Tangaloa Manaolana 0-0: Ball
1-0: Ball
2-0: Foul Ball, location: 2F
2-1: SINGLE (Line Drive, 9S, EV 96.2 MPH)
Batting: LHB Ruff McGruffin 0-0: Foul Ball, location: 2F
0-1: Ball
1-1: Swinging Strike
1-2: Ball
2-2: Hit by Pitch
Tangaloa Manaolana to second
Batting: RHB Drew Rose 0-0: Called Strike
0-1: Ball
1-1: SINGLE (Line Drive, 8RS, EV 103.8 MPH)
Tangaloa Manaolana to third
Ruff McGruffin to second
Runner from 3rd tries for Home, SAFE, no throw by CF
Batting: RHB Yuk Ye 0-0: Ball
1-0: Foul Ball, location: 2F
1-1: Ball
2-1: Ball
3-1: Base on Balls
Ruff McGruffin to third
Drew Rose to second
Batting: LHB Jermaine Tuttle 0-0: Ball
1-0: Ball
2-0: Called Strike
2-1: Fly out, F8 (Flyball, 8RXD, EV 79.4 MPH)
Top of the 1st over - 1 run, 2 hits, 0 errors, 3 left on base; Ladue 1 - Hicksville 0
BOTTOM OF THE 1ST
Hicksville Hounds batting - Pitching for Ladue Rams : LHP Bill Williams
Pitching: LHP Bill Williams
Batting: LHB Timothy Hayes 0-0: SINGLE (Groundball, 4MD, EV 97.5 MPH)
Batting: RHB Joe Barrientez 0-0: Ball
1-0: SINGLE (Groundball, 6MD, EV 97.5 MPH)
Timothy Hayes to second
Runner from 2nd tries for 3rd, SAFE, no throw by CF
Batting: RHB Ramiro Rivera 0-0: Ball
1-0: Called Strike
1-1: Fly out, F9 (Line Drive, 9D, EV 90.6 MPH)
Runner from 3rd tags up, OUT at HOME! 9-2
Joe Barrientez to second
Batting: RHB Arturo Iglésias 0-0: Swinging Strike
0-1: Ball
1-1: Foul Ball, location: 2F
1-2: Strikes out swinging
Bottom of the 1st over - 0 runs, 2 hits, 0 errors, 1 left on base; Ladue 1 - Hicksville 0
TOP OF THE 2ND
Ladue Rams batting - Pitching for Hicksville Hounds : RHP Jimmy Young
Batting: SHB Tom Lenehan 0-0: Fly out, F7 (Flyball, 7S, EV 82.5 MPH)
Batting: LHB Guillermo Valverde 0-0: Ball
1-0: Fly out, F2 (Popup, 2RF, EV 95.0 MPH)
Batting: RHB Nick Davis 0-0: Ball
1-0: Ball
2-0: Foul Ball, location: 2F
2-1: Ball
3-1: Base on Balls
Batting: RHB Gin-fan Chong 0-0: Ball
1-0: Ball
2-0: Foul Ball, location: 2F
2-1: SINGLE (Groundball, 56, EV 103.8 MPH)
Nick Davis to second
Batting: RHB Tangaloa Manaolana 0-0: Ground out 4-3 (Groundball, 4, EV 86.2 MPH)
Top of the 2nd over - 0 runs, 1 hit, 0 errors, 2 left on base; Ladue 1 - Hicksville 0
BOTTOM OF THE 2ND
Hicksville Hounds batting - Pitching for Ladue Rams : LHP Bill Williams
Batting: RHB Jesús Renderos 0-0: Called Strike
0-1: SINGLE (Line Drive, 89S, EV 95.0 MPH)
Batting: RHB Martín González 0-0: Ball
1-0: Fly out, F8 (Flyball, 8LS, EV 86.2 MPH)
Batting: RHB Larry Thompson 0-0: Ball
1-0: Foul Ball, location: 2F
1-1: Ball
2-1: Ball
3-1: Base on Balls
Jesús Renderos to second
Batting: RHB Andrew Potter 0-0: Foul Ball, location: 2F
0-1: Ball
1-1: Swinging Strike
1-2: Strikes out swinging
Batting: RHB Will Barr 0-0: Foul Ball, location: 2F
0-1: Fly out, F5 (Popup, 5S, EV 78.8 MPH)
Bottom of the 2nd over - 0 runs, 1 hit, 0 errors, 2 left on base; Ladue 1 - Hicksville 0
TOP OF THE 3RD
Ladue Rams batting - Pitching for Hicksville Hounds : RHP Jimmy Young
Batting: LHB Ruff McGruffin 0-0: Ground out 4-3 (Groundball, 34, EV 101.9 MPH)
Batting: RHB Drew Rose 0-0: Called Strike
0-1: Ball
1-1: Ball
2-1: Called Strike
2-2: SINGLE (Groundball, 56D, EV 95.0 MPH)
Batting: RHB Yuk Ye 0-0: Called Strike
0-1: Called Strike
0-2: Ball
1-2: Ball
2-2: Strikes out swinging
Batting: LHB Jermaine Tuttle 0-0: Called Strike
0-1: Ball
1-1: Ball
2-1: Fly out, F9 (Line Drive, 9, EV 89.4 MPH)
Top of the 3rd over - 0 runs, 1 hit, 0 errors, 1 left on base; Ladue 1 - Hicksville 0
BOTTOM OF THE 3RD
Hicksville Hounds batting - Pitching for Ladue Rams : LHP Bill Williams
Batting: LHB Timothy Hayes 0-0: Ball
1-0: Foul Ball, location: 2F
1-1: Swinging Strike
1-2: SINGLE (Groundball, 34D, EV 108.1 MPH)
Batting: RHB Joe Barrientez 0-0: SINGLE (Flyball, 78S, EV 88.8 MPH)
Timothy Hayes to second
Batting: RHB Ramiro Rivera 0-0: Ball
1-0: Fly out, F7 (Flyball, 7D, EV 97.5 MPH)
Batting: RHB Arturo Iglésias 0-0: Ball
1-0: Called Strike
1-1: Ball
2-1: Ball
3-1: Base on Balls
Timothy Hayes to third
Joe Barrientez to second
Batting: RHB Jesús Renderos 0-0: Ball
1-0: Ball
Wild Pitch!
Timothy Hayes scores
Joe Barrientez to third
Arturo Iglésias to second
2-0: Foul Ball, location: 2F
2-1: Foul Ball, location: 2F
2-2: Foul Ball, location: 2F
2-2: Foul Ball, location: 2F
2-2: SINGLE (Line Drive, 9S, EV 106.9 MPH)
Joe Barrientez scores
Arturo Iglésias to third
Batting: RHB Martín González 0-0: Swinging Strike
0-1: Called Strike
0-2: Ball
1-2: Ball
2-2: Foul Ball, location: 2F
2-2: Strikes out swinging
Batting: RHB Larry Thompson 0-0: Ball
1-0: Swinging Strike
1-1: Foul Ball, location: 2F
1-2: Ball
2-2: Strikes out swinging
Bottom of the 3rd over - 2 runs, 3 hits, 0 errors, 2 left on base; Ladue 1 - Hicksville 2
TOP OF THE 4TH
Ladue Rams batting - Pitching for Hicksville Hounds : RHP Jimmy Young
Batting: SHB Tom Lenehan 0-0: Bunted foul
0-1: Ball
1-1: Ball
2-1: Ball
3-1: Foul Ball, location: 2F
3-2: Ground out 4-3 (Groundball, 4, EV 86.2 MPH)
Batting: LHB Guillermo Valverde 0-0: Called Strike
0-1: Swinging Strike
0-2: Ball
1-2: Strikes out swinging
Batting: RHB Nick Davis 0-0: Ball
1-0: Ball
2-0: SINGLE (Line Drive, 78S, EV 98.8 MPH)
Batting: RHB Gin-fan Chong 0-0: Ball
1-0: Ball
2-0: Called Strike
2-1: Fly out, F8 (Flyball, 8RS, EV 92.5 MPH)
Top of the 4th over - 0 runs, 1 hit, 0 errors, 1 left on base; Ladue 1 - Hicksville 2
BOTTOM OF THE 4TH
Hicksville Hounds batting - Pitching for Ladue Rams : LHP Bill Williams
Batting: RHB Andrew Potter 0-0: Ball
1-0: Called Strike
1-1: Swinging Strike
1-2: Strikes out swinging
Batting: RHB Will Barr 0-0: Ball
1-0: Ball
2-0: Called Strike
2-1: Swinging Strike
2-2: Ball
3-2: Foul Ball, location: 2F
3-2: Strikes out swinging
Batting: LHB Timothy Hayes 0-0: Called Strike
0-1: Ball
1-1: Foul Ball, location: 2F
1-2: Strikes out swinging
Bottom of the 4th over - 0 runs, 0 hits, 0 errors, 0 left on base; Ladue 1 - Hicksville 2
TOP OF THE 5TH
Ladue Rams batting - Pitching for Hicksville Hounds : RHP Jimmy Young
Pitching: LHP Vic Trewick
Batting: RHB Tangaloa Manaolana 0-0: Called Strike
0-1: Ball
1-1: SINGLE (Groundball, 34D, EV 101.9 MPH)
Batting: LHB Ruff McGruffin 0-0: Ball
1-0: Foul Ball, location: 2F
1-1: Ball
2-1: Ball
3-1: Foul Ball, location: 2F
3-2: Strikes out swinging
Batting: RHB Drew Rose 0-0: Swinging Strike
0-1: Foul Ball, location: 2F
0-2: Ball
1-2: Ball
2-2: SINGLE (Line Drive, 6MD, EV 100.0 MPH)
Tangaloa Manaolana to second
Batting: RHB Yuk Ye 0-0: Foul Ball, location: 2F
0-1: Ball
1-1: DOUBLE (Line Drive, 9LS, EV 99.4 MPH)
Tangaloa Manaolana scores
Drew Rose to third
Batting: LHB Jermaine Tuttle 0-0: Called Strike
0-1: Foul Ball, location: 2F
0-2: Ball
1-2: SINGLE (Line Drive, 89M, EV 91.2 MPH)
Drew Rose scores
Yuk Ye to third
Runner from 3rd tries for Home, SAFE, throw by CF to home
Jermaine Tuttle to second
Batting: SHB Tom Lenehan 0-0: Ball
1-0: Ball
Wild Pitch!
Jermaine Tuttle to third
2-0: Ball
3-0: Called Strike
3-1: Fly out, F8 (Flyball, 8RD, EV 86.2 MPH)
Runner from 3rd tags up, OUT at HOME! 8-2
Top of the 5th over - 3 runs, 4 hits, 0 errors, 0 left on base; Ladue 4 - Hicksville 2
BOTTOM OF THE 5TH
Hicksville Hounds batting - Pitching for Ladue Rams : LHP Bill Williams
Batting: RHB Joe Barrientez 0-0: Ball
1-0: Foul Ball, location: 2F
1-1: Foul Ball, location: 2F
1-2: Ground out 1-3 (Groundball, 34S, EV 68.1 MPH)
Batting: RHB Ramiro Rivera 0-0: Fly out, F8 (Flyball, 8RM, EV 93.8 MPH)
Batting: RHB Arturo Iglésias 0-0: Called Strike
0-1: Foul Ball, location: 2F
0-2: Ball
1-2: Ball
2-2: Ground out 6-3 (Groundball, 6, EV 90.6 MPH)
Bottom of the 5th over - 0 runs, 0 hits, 0 errors, 0 left on base; Ladue 4 - Hicksville 2
TOP OF THE 6TH
Ladue Rams batting - Pitching for Hicksville Hounds : LHP Vic Trewick
Pitching: LHP Ricardo Hernández
Batting: LHB Guillermo Valverde 0-0: Ball
1-0: Fly out, F5 (Popup, 56S, EV 81.2 MPH)
Batting: RHB Nick Davis 0-0: Foul Ball, location: 2F
0-1: Ball
1-1: Called Strike
1-2: Strikes out swinging
Batting: RHB Gin-fan Chong 0-0: Ball
1-0: Foul Ball, location: 2F
1-1: Ball
2-1: Ball
3-1: Foul Ball, location: 2F
3-2: Base on Balls
Batting: RHB Tangaloa Manaolana 0-0: Ball
1-0: Called Strike
1-1: Ball
2-1: Foul Ball, location: 2F
2-2: Fly out, F9 (Flyball, 9D, EV 90.0 MPH)
Top of the 6th over - 0 runs, 0 hits, 0 errors, 1 left on base; Ladue 4 - Hicksville 2
BOTTOM OF THE 6TH
Hicksville Hounds batting - Pitching for Ladue Rams : LHP Bill Williams
Batting: RHB Jesús Renderos 0-0: Ball
1-0: Ball
2-0: Called Strike
2-1: SINGLE (Line Drive, 78M, EV 101.2 MPH)
Batting: RHB Martín González 0-0: Sac Bunt to 13S - play at first, batter OUT! 1-3
Jesús Renderos to second
Batting: RHB Larry Thompson 0-0: Ground out 5-3 (Groundball, 56S, EV 81.9 MPH)
Batting: RHB Andrew Potter 0-0: Called Strike
0-1: Ball
1-1: Ball
2-1: Ground out 6-3 (Groundball, 56, EV 110.0 MPH)
Bottom of the 6th over - 0 runs, 1 hit, 0 errors, 1 left on base; Ladue 4 - Hicksville 2
TOP OF THE 7TH
Ladue Rams batting - Pitching for Hicksville Hounds : LHP Ricardo Hernández
Batting: LHB Ruff McGruffin 0-0: Ball
1-0: Ball
2-0: Called Strike
2-1: Foul Ball, location: 2F
2-2: Foul Ball, location: 2F
2-2: Ball
3-2: Foul Ball, location: 2F
3-2: Strikes out swinging
Pitching: RHP Wop Koopman
Batting: RHB Drew Rose 0-0: Ball
1-0: Ball
2-0: SINGLE (Line Drive, 7S, EV 90.6 MPH)
Batting: RHB Yuk Ye 0-0: Called Strike
0-1: Ball
1-1: Foul Ball, location: 2F
1-2: Strikes out swinging
Batting: LHB Jermaine Tuttle 0-0: Swinging Strike
0-1: Ball
1-1: Foul Ball, location: 2F
1-2: Foul Ball, location: 2F
1-2: Strikes out swinging
Top of the 7th over - 0 runs, 1 hit, 0 errors, 1 left on base; Ladue 4 - Hicksville 2
BOTTOM OF THE 7TH
Hicksville Hounds batting - Pitching for Ladue Rams : LHP Bill Williams
Batting: RHB Will Barr 0-0: Called Strike
0-1: Fly out, F6 (Popup, 6M, EV 65.6 MPH)
Batting: LHB Timothy Hayes 0-0: Ball
1-0: Called Strike
1-1: Ball
2-1: Fly out, F7 (Flyball, 7S, EV 75.0 MPH)
Batting: RHB Joe Barrientez 0-0: Ball
1-0: Ball
2-0: Ball
3-0: Called Strike
3-1: SINGLE (Flyball, 78M, EV 86.2 MPH)
Batting: RHB Ramiro Rivera 0-0: Ball
1-0: Foul Ball, location: 2F
1-1: Ball
2-1: Foul Ball, location: 2F
2-2: Ground out 5-3 (Groundball, 56S, EV 88.1 MPH)
Bottom of the 7th over - 0 runs, 1 hit, 0 errors, 1 left on base; Ladue 4 - Hicksville 2
TOP OF THE 8TH
Ladue Rams batting - Pitching for Hicksville Hounds : RHP Wop Koopman
Batting: SHB Tom Lenehan 0-0: Ball
1-0: Called Strike
1-1: Ball
2-1: Called Strike
2-2: Strikes out swinging
Batting: LHB Guillermo Valverde 0-0: Ball
1-0: Fly out, F9 (Line Drive, 9, EV 91.2 MPH)
Batting: RHB Nick Davis 0-0: Ball
1-0: DOUBLE (Line Drive, 9LM, EV 110.0 MPH)
Batting: RHB Gin-fan Chong 0-0: Ball
1-0: Fly out, F6 (Line Drive, 6, EV 75.0 MPH)
Top of the 8th over - 0 runs, 1 hit, 0 errors, 1 left on base; Ladue 4 - Hicksville 2
BOTTOM OF THE 8TH
Hicksville Hounds batting - Pitching for Ladue Rams : LHP Bill Williams
Pitching: RHP Ari Schaller
Batting: RHB Arturo Iglésias 0-0: Ball
1-0: Called Strike
1-1: Swinging Strike
1-2: Foul Ball, location: 2F
1-2: Ground out 4-3 (Groundball, 4M, EV 101.2 MPH)
Batting: RHB Jesús Renderos 0-0: Called Strike
0-1: Ground out 1-3 (Groundball, P, EV 88.8 MPH)
Batting: RHB Martín González 0-0: Ball
1-0: Called Strike
1-1: Fly out, F8 (Flyball, 8RM, EV 80.6 MPH)
Bottom of the 8th over - 0 runs, 0 hits, 0 errors, 0 left on base; Ladue 4 - Hicksville 2
TOP OF THE 9TH
Ladue Rams batting - Pitching for Hicksville Hounds : RHP Wop Koopman
Pitching: RHP Tim Stroud
Batting: RHB Tangaloa Manaolana 0-0: Called Strike
0-1: Fly out, F3 (Popup, 3, EV 71.2 MPH)
Batting: LHB Ruff McGruffin 0-0: Foul Ball, location: 2F
0-1: Ball
1-1: Ball
2-1: Ball
3-1: Swinging Strike
3-2: Fly out, F8 (Flyball, 89D, EV 105.6 MPH)
Batting: RHB Drew Rose 0-0: Ball
1-0: Ball
2-0: Ball
3-0: Called Strike
3-1: Base on Balls
Batting: RHB Yuk Ye 0-0: Ball
1-0: Swinging Strike
1-1: Ball
2-1: TRIPLE (Groundball, 3L, EV 103.8 MPH)
Drew Rose scores
Batting: LHB Jermaine Tuttle 0-0: Ball
1-0: Ball
2-0: Called Strike
2-1: DOUBLE (Line Drive, 7LM, EV 101.9 MPH)
Yuk Ye scores
Batting: SHB Tom Lenehan 0-0: Ball
1-0: Called Strike
1-1: Ball
2-1: Called Strike
2-2: Strikes out looking
Top of the 9th over - 2 runs, 2 hits, 0 errors, 1 left on base; Ladue 6 - Hicksville 2
BOTTOM OF THE 9TH
Hicksville Hounds batting - Pitching for Ladue Rams : RHP Ari Schaller
Batting: RHB Larry Thompson 0-0: Ball
1-0: Foul Ball, location: 2F
1-1: Ground out 6-3 (Groundball, 56, EV 97.5 MPH)
Batting: RHB Andrew Potter 0-0: Ball
1-0: Ball
2-0: Ball
3-0: Base on Balls
Batting: RHB Will Barr 0-0: Ball
1-0: Foul Ball, location: 2F
1-1: Ball
2-1: Foul Ball, location: 2F
2-2: Strikes out swinging
Batting: LHB Timothy Hayes 0-0: Ball
1-0: Called Strike
1-1: Called Strike
1-2: Fielders Choice at 2nd, U4 (Groundball, 4M, EV 90.6 MPH)
Bottom of the 9th over - 0 runs, 0 hits, 0 errors, 1 left on base; Ladue 6 - Hicksville 2
Friday, March 26th, 2021 - OOTP Baseball 20.8 Build 74